 Dungeon Crawl Stone Soup version 0.29-a0-1019-g84f7d21838 (webtiles) character file.

Game seed: 17586744107044289679

5 Manisian the Insei (level 1, -1/13 HPs)
             Began as an Octopode Transmuter on Aug 10, 2022.
             Slain by a goblin
             ... wielding a +0 club
              (4 damage)
             ... on level 1 of the Dungeon.
             The game lasted 00:00:16 (220 turns).

Manisian the Insei (Octopode Transmuter)             Turns: 220, Time: 00:00:17

Health: -1/13      AC:  1    Str:  9    XL:     1   Next: 80%
Magic:  1/3        EV: 13    Int: 15    God:
Gold:   0          SH:  0    Dex: 12    Spells: 3/4 levels left

rFire   . . .      SeeInvis .     - Unarmed
rCold   . . .      Faith    .   (no shield)
rNeg    . . .      Spirit   .   (helmet currently unavailable)
rPois   .          Reflect  .   (no amulet)
rElec   .          Harm     .   (no ring)
rCorr   .          Rampage  .   (no ring)
Will    .....                   (no ring)
Stlth   ++........              (no ring)
HPRegen 0.04/turn               (no ring)
MPRegen 0.08/turn               (no ring)
                                (no ring)
                                (no ring)

@: appendages, very slightly contaminated
A: tentacle spike 3, almost no armour, amphibious, 8 rings, camouflage 1,
gelatinous body 1, (nimble swimmer 1), tentacles
a: End Transformation


You were on level 1 of the Dungeon.
One of your tentacles had grown a beastly spike.
You visited 1 branch of the dungeon, and saw 1 of its levels.

Inventory:

Scrolls
 b - a scroll of identify {unknown}
 c - a scroll of teleportation {unknown}
 e - a scroll of enchant armour {unknown}
Potions
 a - a potion of lignification
 d - a potion of curing {unknown}


   Skills:
 + Level 1.0 Fighting
 + Level 2.0 Dodging
 + Level 0.1 Stealth
 + Level 3.2 Unarmed Combat
 + Level 2.0 Spellcasting
 + Level 2.0 Transmutations


You had 3 spell levels left.
You knew the following spells:

 Your Spells              Type           Power      Damage    Failure   Level
a - Beastly Appendage     Tmut           14%        N/A       10%         1

Your spell library contained the following spells:

 Spells                   Type           Power      Damage    Failure   Level
 Wereblood                Tmut           7%         N/A       14%         2
 Spider Form              Tmut/Pois      4%         N/A       41%         3
 Ice Form                 Ice/Tmut       4%         N/A       82%         4


Dungeon Overview and Level Annotations

Branches:
Dungeon (1/15)

Altars:


Innate Abilities, Weirdness & Mutations

One of your tentacles has grown a beastly spike.
You cannot wear most types of armour.
You are amphibious.
You can wear up to eight rings at the same time.
Your skin changes colour to match your surroundings (Stealth+).
Your rubbery body absorbs attacks. (AC +1, EV +1)
((You are camouflaged when in or above water. (Stealth+)))
You have tentacles for arms and can constrict up to eight enemies at once.


Message History

You pierce the endoplasm.
You tentacle-slap the endoplasm.
The endoplasm is severely wounded.
The endoplasm hits you.
An endoplasm is nearby!
You tentacle-slap the endoplasm.
You kill the endoplasm!
No target in view!
Your transformation is almost over.
Your tentacle spike disappears.
d - a ruby potion
e - a scroll labelled LOD MASHEAM CYR A kobold comes into view.
It is wielding a +0 whip.
A goblin comes into view. It is wielding a +0 club.
Casting: Beastly Appendage (safe; 10% risk of failure)
Confirm with . or Enter, or press ? or * to list all spells.
You miscast Beastly Appendage.
You are very lightly contaminated with residual magic.
Nothing appears to happen.
The goblin shouts!
Casting: Beastly Appendage (safe; 10% risk of failure)
Confirm with . or Enter, or press ? or * to list all spells.
One of your tentacles grows a vicious spike.
You barely miss the kobold. Your grab misses the kobold.
The kobold hits you with a +0 whip.
You tentacle-slap the kobold. Your grab misses the kobold.
You squeeze the kobold, but do no damage.
The kobold is severely wounded.
The kobold hits you with a +0 whip.
You are too injured to fight recklessly!
You are too injured to fight recklessly!
You are too injured to fight recklessly!
You closely miss the kobold. Your grab misses the kobold.
The kobold is severely wounded.
The kobold hits you with a +0 whip.
* * * LOW HITPOINT WARNING * * *
The goblin hits you but does no damage.
You tentacle-slap the kobold.
You kill the kobold!
The goblin hits you with a +0 club.
You die...

#. #....# #..
#....# #..##
#....# #... #....
#.... #...
#.....#.#.## ...
#.....#....# ..
#.....g....# #
#@...####
#.....).#.....#
#.##.##.#.....# #.
..#.....#. #.## #
##.#.....#... #...
#.#.........# ####
#.#.#.#.#.... ...
..#.#.#.....######
#.#.#.......#...


You could see a goblin.

Vanquished Creatures
  2 endoplasms (D:1)
  A giant cockroach (D:1)
  2 kobolds (D:1)
5 creatures vanquished.

Notes
Turn   | Place    | Note
-------+----------+-------------------------------------------
     0 | D:1      | Manisian the Octopode Transmuter began the quest for the
                  | Orb.
     0 | D:1      | Reached XP level 1. HP: 13/13 MP: 3/3
   220 | D:1      | Slain by a goblin

Illustrated notes

Levels and vault maps discovered:
D:1:      dpeg_arrival_water_temple_mockup, layout_basic,
          chequers_ecumenical_altar_simple_redux, minmay_misc_feat_x,
          hangedman_decor_riveting, minmay_small_reverse_x

Action                   || total
-------------------------++-------
Melee: Unarmed           ||    11
       Kick              ||     2
       Tentacles         ||     2
       Constrict         ||     1
       Punch             ||     1
 Cast: Beastly Appendage ||     4
 Stab: Sleeping          ||     3
Armor: Skin              ||     1
Dodge: Dodged            ||     3

Table legend: (Time is in decaauts)
 A = Elapsed time spent in this place.
 B = Non-inter-level travel time spent in this place.
 C = Inter-level travel time spent in this place.
 D = Time resting spent in this place.
 E = Time spent auto-exploring this place.
 F = Levels seen in this place.
 G = Mean time per level.
                   A        B        C        D        E       F      G
               +--------+--------+--------+--------+--------+-----+--------+
         Total |    219 |    219 |      0 |      0 |    176 |   1 |  219.0 |
       Dungeon |    219 |    219 |      0 |      0 |    176 |   1 |  219.0 |
               +--------+--------+--------+--------+--------+-----+--------+

Top non-repeatable levels by time:
     D:1: 219 daAuts
